 Dungeon Crawl Stone Soup version 0.24.0-125-gc4c63601f3 (webtiles) character file.

Game seed: 3034141991953556774, levelgen mode: deterministic

1039513 mortelune the Archmage (level 27, -11/168 HPs)
             Began as a Deep Elf Fire Elementalist on Feb 22, 2020.
             Was the Champion of Vehumet.
             Killed from afar by a Hell Sentinel (27 damage)
             ... with damnation
             ... in Pandemonium.
             The game lasted 08:25:36 (156703 turns).

mortelune the Archmage (DEFE)                     Turns: 156703, Time: 08:25:36

Health: -11/168    AC: 33    Str: 12    XL:     27
Magic:  3/56       EV: 31    Int: 42    God:    Vehumet [******]
Gold:   1768       SH:  9    Dex: 22    Spells: 4/80 levels left

rFire    + + .     SeeInvis +   t - +5 demon blade (elec)
rCold    + + +     Gourm    .   j - +3 buckler "Ligen" {*Contam Str+3 Slay+3}
rNeg     + + +     Faith    .   N - +4 faerie dragon scales {rCorr Str+3}
rPois    ∞         Spirit   .   J - +1 helmet {SInv}
rElec    .         Reflect  .   o - +2 cloak {+Inv}
rCorr    +         Harm     .   M - +1 pair of gloves "Ryudekeh" {rF++ rN+}
MR       +++++                  p - +2 pair of boots {run}
Stlth    ++........             K - amulet of Zojesy {Regen+ Str+4 Dex+4}
HPRegen  0.78/turn              z - ring "Gutoirao" {*Corrode rPois MR++ Int+10}
MPRegen  0.35/turn              Y - ring of the Snail {rC+++ rN+++ Str-5 Dex+3}

@: lich-form, quick
A: icy blue scales 1, blurry vision 2, cold resistance 1, deformed body,
deterioration 1, magic resistance 1
}: 8/15 runes: barnacled, slimy, silver, glowing, magical, fiery, dark, gossamer
a: End Transformation, Renounce Religion, Evoke Invisibility


You were in Pandemonium.
You worshipped Vehumet.
Vehumet was exalted by your worship.
You were not hungry.
You were a lich.
You visited 13 branches of the dungeon, and saw 59 of its levels.
You visited Pandemonium 2 times, and saw 20 of its levels.

You collected 9152 gold pieces.
You spent 7384 gold pieces at shops.

Inventory:

Hand Weapons
 g - the +6 sword of Cerebov {flame}
   (You took it off Cerebov in Pandemonium)

   It has been specially enchanted to burn those struck by it, causing extra
   injury to most foes and up to half again as much damage against particularly
   susceptible opponents.
   Big, fiery blades are also staple armaments of hydra-hunters.
 t - a +5 demon blade of electrocution (weapon)
 H - the +10 quick blade of the Warrior-Mage {vamp, rC+ Str+4 Int+3}
   (You found it on level 3 of the Crypt)

   It inflicts no extra harm, but heals its wielder when it wounds a living foe.
   It affects your strength (+4).
   It affects your intelligence (+3).
   It protects you from cold.
Armour
 j - the +3 buckler "Ligen" (worn) {*Contam Str+3 Slay+3}
   (You bought it in a shop on level 1 of the Vaults)

   It affects your strength (+3).
   It affects your accuracy and damage with ranged weapons and melee attacks
   (+3).
   It causes magical contamination when unequipped.
 o - a +2 cloak of invisibility (worn)
 p - a +2 pair of boots of running (worn)
 E - the +2 pair of gloves "Ziwkotie" {rElec MP+9}
   (You found it on level 4 of the Shoals)

   It insulates you from electricity.
   It affects your magic capacity (+9).
 J - a +1 helmet of see invisible (worn)
 M - the +1 pair of gloves "Ryudekeh" (worn) {rF++ rN+}
   (You acquired it on level 3 of the Elven Halls)

   It greatly protects you from fire.
   It protects you from negative energy.
 N - the +4 faerie dragon scales (worn) {rCorr Str+3}
   (You took it off the Enchantress on level 3 of the Depths)

   It affects your strength (+3).
   It provides partial protection from all sources of acid and corrosion.
Magical Staves
 D - an uncursed staff of energy
 F - an uncursed staff of fire
Jewellery
 n - the ring "Enkyot" {+Fly rElec MR+ Slay+3}
   (You found it on level 6 of the Lair of Beasts)

   [ring of protection from magic]

   It affects your accuracy and damage with ranged weapons and melee attacks
   (+3).
   It insulates you from electricity.
   It affects your resistance to hostile enchantments.
   It lets you fly.
 z - the ring "Gutoirao" (left hand) {*Corrode rPois MR++ Int+10}
   (You took it off a spriggan on level 3 of the Depths)

   [ring of poison resistance]

   It affects your intelligence (+10).
   It protects you from poison.
   It affects your resistance to hostile enchantments.
   It may corrode you when you take damage.
 K - the amulet of Zojesy (around neck) {Regen+ Str+4 Dex+4}
   (You found it on level 2 of the Crypt)

   [amulet of regeneration]

   It affects your strength (+4).
   It affects your dexterity (+4).
   It increases your rate of regeneration.
 S - the ring "Xuno Mif" {rPois rF+++ rC+ MR- Int+4}
   (You bought it in a shop on level 9 of the Dungeon)

   [ring of poison resistance]

   It affects your intelligence (+4).
   It renders you almost immune to fire.
   It protects you from cold.
   It protects you from poison.
   It affects your resistance to hostile enchantments.
 Y - the ring of the Snail (right hand) {rC+++ rN+++ Str-5 Dex+3}
   (You took it off a deep elf master archer on level 3 of the Elven Halls)

   [ring of dexterity]

   It affects your strength (-5).
   It affects your dexterity (+3).
   It renders you almost immune to cold.
   It renders you almost immune to negative energy.
Wands
 B - a wand of digging (11)
 I - a wand of clouds (3)
 V - a wand of paralysis (58)
 X - a wand of acid (43)
 Z - a wand of polymorph (8)
Scrolls
 a - 8 scrolls of fear
 f - 10 scrolls of teleportation
 k - 40 scrolls of remove curse
 l - 15 scrolls of magic mapping
 m - 10 scrolls of enchant armour
 w - 4 scrolls of immolation
 y - 3 scrolls of silence
 A - a scroll of blinking
 C - 6 scrolls of summoning
 O - 11 scrolls of fog
 Q - 13 scrolls of identify
 R - 4 scrolls of holy word
 T - 9 scrolls of amnesia
Potions
 b - 28 potions of curing
 d - 4 potions of might
 e - a potion of cancellation
 i - 4 potions of resistance
 q - 7 potions of ambrosia
 r - 7 potions of haste
 s - 8 potions of agility
 u - 3 potions of mutation
 v - 2 potions of flight
 G - 11 potions of brilliance
 L - a potion of magic
 W - 3 potions of invisibility
Miscellaneous
 h - 4 sacks of spiders
 P - a phantom mirror
 U - 3 boxes of beasts
Comestibles
 c - 12 rations


   Skills:
 + Level 15.6 Fighting
 - Level 11.5 Short Blades
 - Level 12.0 Staves
 - Level 18.2 Armour
 + Level 22.2 Dodging
 - Level 2.4 Stealth
 - Level 4.0 Shields
 O Level 27 Spellcasting
 - Level 24.0 Conjurations
 - Level 4.0 Summonings
 - Level 20.0 Necromancy
 - Level 10.0 Transmutations
 + Level 23.8 Fire Magic
 + Level 22.3 Air Magic
 + Level 16.0 Evocations


You had 4 spell levels left.
You knew the following spells:

 Your Spells              Type           Power        Failure   Level  Hunger
a - Fireball              Conj/Fire      ########..   0%          5    N/A
b - Chain Lightning       Conj/Air       ########..   1%          8    N/A
c - Necromutation         Tmut/Necr      ########..   4%          8    N/A
d - Sticky Flame          Conj/Fire      ########     0%          4    N/A
f - Shroud of Golubria    Chrm/Tloc      ######       1%          2    N/A
g - Regeneration          Chrm/Necr      ########..   0%          3    N/A
h - Ignition              Fire           ########..   1%          8    N/A
i - Summon Butterflies    Summ           ######..     1%          1    N/A
j - Fire Storm            Conj/Fire      ########..   1%          9    N/A
k - Tornado               Air            ########..   1%          9    N/A
l - Deflect Missiles      Chrm/Air       ########..   1%          6    N/A
m - Blink                 Tloc           N/A          1%          2    N/A
q - Orb of Destruction    Conj           ########..   0%          7    N/A
z - Airstrike             Air            ########..   0%          4    N/A

Your spell library contained the following spells:

 Spells                   Type           Power        Failure   Level  Hunger
 Shatter                  Erth           ######....   100%        9    N/A
 Animate Skeleton         Necr           N/A          0%          1    N/A
 Beastly Appendage        Tmut           ######       0%          1    N/A
 Flame Tongue             Conj/Fire      #####        0%          1    N/A
 Magic Dart               Conj           ####         0%          1    N/A
 Shock                    Conj/Air       ####         0%          1    N/A
 Sting                    Conj/Pois      ####         0%          1    N/A
 Corpse Rot               Necr           N/A          0%          2    N/A
 Poisonous Vapours        Pois/Air       ######       0%          2    N/A
 Searing Ray              Conj           ######       0%          2    N/A
 Sticks to Snakes         Tmut           #######.     0%          2    N/A
 Swiftness                Chrm/Air       ########     0%          2    N/A
 Throw Flame              Conj/Fire      ######       0%          2    N/A
 Conjure Flame            Conj/Fire      ########     0%          3    N/A
 Dazzling Spray           Conj/Hex       ######       0%          3    N/A
 Ignite Poison            Fire/Tmut/Pois ########     0%          3    N/A
 Inner Flame              Hex/Fire       ########     0%          3    N/A
 Mephitic Cloud           Conj/Pois/Air  ########     0%          3    N/A
 Static Discharge         Conj/Air       ########     0%          3    N/A
 Stone Arrow              Conj/Erth      ######       0%          3    N/A
 Animate Dead             Necr           N/A          0%          4    N/A
 Iskenderun's Mystic Bla  Conj           ########     0%          4    N/A
 Summon Lightning Spire   Summ/Air       ########     0%          4    N/A
 Apportation              Tloc           ######       1%          1    N/A
 Confusing Touch          Hex            ######       1%          1    N/A
 Corona                   Hex            ######.      1%          1    N/A
 Infusion                 Chrm           ####         1%          1    N/A
 Sandblast                Erth           ######       1%          1    N/A
 Summon Small Mammal      Summ           ####         1%          1    N/A
 Call Imp                 Summ           ######..     1%          2    N/A
 Ensorcelled Hibernation  Hex/Ice        ######       1%          2    N/A
 Slow                     Hex            ######..     1%          2    N/A
 Song of Slaying          Chrm           ######..     1%          2    N/A
 Call Canine Familiar     Summ           ######..     1%          3    N/A
 Confuse                  Hex            ######..     1%          3    N/A
 Gell's Gravitas          Tloc           ######....   1%          3    N/A
 Lesser Beckoning         Tloc           ######....   1%          3    N/A
 Ozocubu's Armour         Chrm/Ice       ######..     1%          3    N/A
 Portal Projectile        Hex/Tloc       ######       1%          3    N/A
 Recall                   Summ/Tloc      N/A          1%          3    N/A
 Spectral Weapon          Hex/Chrm       ######..     1%          3    N/A
 Spider Form              Tmut/Pois      #######...   1%          3    N/A
 Summon Guardian Golem    Hex/Summ       ######..     1%          3    N/A
 Tukima's Dance           Hex            ######..     1%          3    N/A
 Force Lance              Conj/Tloc      ########     1%          4    N/A
 Fulminant Prism          Conj/Hex       ########..   1%          4    N/A
 Ice Form                 Ice/Tmut       #######.     1%          4    N/A
 Olgreb's Toxic Radiance  Pois           ######..     1%          4    N/A
 Petrify                  Tmut/Erth      #######.     1%          4    N/A
 Summon Ice Beast         Ice/Summ       ######..     1%          4    N/A
 Cause Fear               Hex            ######....   3%          4    N/A
 Leda's Liquefaction      Hex/Erth       ######....   3%          4    N/A
 Agony                    Necr           ########     0%          5    N/A
 Bolt of Draining         Conj/Necr      #########.   0%          5    N/A
 Bolt of Magma            Conj/Fire/Erth ########..   0%          5    N/A
 Lightning Bolt           Conj/Air       ########..   0%          5    N/A
 Bolt of Fire             Conj/Fire      ########..   0%          6    N/A
 Death Channel            Necr           ########..   0%          6    N/A
 Alistair's Intoxication  Tmut/Pois      #######.     1%          5    N/A
 Blade Hands              Tmut           #######...   1%          5    N/A
 Borgnjor's Vile Clutch   Necr/Erth      ########..   1%          5    N/A
 Silence                  Hex/Air        ########..   1%          5    N/A
 Venom Bolt               Conj/Pois      ########..   1%          5    N/A
 Yara's Violent Unravell  Hex/Tmut       #######...   1%          5    N/A
 Bolt of Cold             Conj/Ice       ########..   1%          6    N/A
 Freezing Cloud           Conj/Ice/Air   ########..   1%          6    N/A
 Hydra Form               Tmut           #######...   1%          6    N/A
 Poison Arrow             Conj/Pois      ########..   1%          6    N/A
 Simulacrum               Ice/Necr       ########..   1%          6    N/A
 Haunt                    Necr/Summ      ########..   1%          7    N/A
 Borgnjor's Revivificati  Necr           ########..   1%          8    N/A
 Infestation              Necr           ########..   1%          8    N/A
 Ring of Flames           Chrm/Fire      ########..   2%          7    N/A
 Summon Forest            Summ/Tloc      ######....   4%          5    N/A
 Dragon Form              Tmut           #######...   4%          7    N/A
 Lehudib's Crystal Spear  Conj/Erth      ########..   4%          8    N/A
 Metabolic Englaciation   Hex/Ice        ######....   10%         5    N/A
 Shadow Creatures         Summ           N/A          10%         6    N/A
 Ozocubu's Refrigeration  Ice            ######....   13%         6    N/A
 Death's Door             Chrm/Necr      ########..   36%         8    N/A
 Dispersal                Tloc           ######....   45%         6    N/A
 Invisibility             Hex            ######..     45%         6    N/A
 Summon Hydra             Summ           ######....   50%         7    N/A
 Glaciate                 Conj/Ice       ########..   50%         9    N/A
 Controlled Blink         Tloc           N/A          100%        8    N/A
 Discord                  Hex            ######....   100%        8    N/A
 Disjunction              Tloc           ######....   100%        8    N/A
 Dragon's Call            Summ           ######....   100%        9    N/A

Dungeon Overview and Level Annotations

Branches:
Dungeon (15/15)            Temple (1/1) D:4            Lair (6/6) D:10
 Shoals (4/4) Lair:2       Spider (4/4) Lair:3        Slime (5/5) Lair:6
    Orc (2/2) D:9             Elf (3/3) Orc:2        Vaults (5/5) D:13
  Crypt (3/3) Vaults:3       Tomb (0/3) Crypt:3      Depths (5/5) D:15
   Hell (visited)             Dis (0/7) Hell            Geh (0/7) Hell
    Tar (0/7) Hell            Zot (5/5) Depths:5
    Coc: Hell:1

Altars:
Cheibriados
Dithmenos
Elyvilon
Fedhas
Gozag
Hepliaklqana
Kikubaaqudgha
Makhleb
Nemelex Xobeh
Okawaru
Qazlal
Ru
Sif Muna
Trog
Uskayaw
Vehumet
Wu Jian
Xom
Yredelemnul
Zin
The Shining One
Beogh
Jiyva

Shops:
D:5 *   D:9 =   D:10 [   D:11 %   Orc:1 %   Orc:2 (((:   Elf:1 !   Vaults:1 [
Vaults:3 :   Vaults:4 }(   Vaults:5 *   Depths:1 (*(=   Depths:3 (
Depths:5 =}}

Portals:
Hell: Lair:6 Depths:1 Depths:2 Depths:3 Depths:4 Depths:5
Abyss: Depths:1 Depths:2 Depths:4
Pandemonium: Depths:3
Ziggurat: Depths:4

Annotations:
Shoals:1 3 runed translucent doors, Qatuad's ghost, adept GnFi
Spider:2 1 runed translucent door, endersaim's ghost, adept MfSk


Innate Abilities, Weirdness & Mutations

You are partially covered in icy blue scales. (AC +2)
Scrolls take you longer to read.
Your flesh is cold resistant. (rC+)
Armour fits poorly on your strangely shaped body.
Your body sometimes deteriorates upon taking damage.
You are resistant to hostile enchantments. (MR+)


Message History

The sentinel's mark upon you fades away.
Casting: Fire Storm (safe; 1% risk of failure)
Confirm with . or Enter, or press ? or * to list all spells.
Aiming: Orb of Destruction (safe; 0% risk of failure)
Press: ? - help, Shift-Dir - straight line, f/p - Hell Sentinel
Aim: a Hell Sentinel (lightly wounded)
The Hell Sentinel gestures at you. The iron shot hits you!!!
The shadow demon gestures.
The Hell Sentinel gestures at you.
The sphere of damnation explodes!
The damnation engulfs you!!!
* * * LOW HITPOINT WARNING * * *
The orb of destruction hits the Hell Sentinel!!!
The Hell Sentinel is heavily wounded.
Casting: Orb of Destruction (safe; 0% risk of failure)
Confirm with . or Enter, or press ? or * to list all spells.
Your body is suffused with negative energy!
The Hell Sentinel gestures at you.
The sphere of damnation explodes!
The damnation engulfs you!!
You die...

....###...#.......#
....).#'#.#.......#
.X'..vv.######2####
..#.......#.......#
..#v......#.......#
..#..v....#.......#
#####v....'.......#
..# ###.).#.1○○○..#
.## #'#.#.....L.#
.X......###.[.....#
##....... ####'####
# ...... ..... #
... ....... ..
#........ .....
#...


You could see a Hell Sentinel and a shadow demon.

Vanquished Creatures
  Cerebov (Pan)
  the Royal Jelly (Slime:5)
  Lom Lobon (Pan)
  Mnoleg (Pan)
  6 orbs of fire
  10 ancient liches
  4 pandemonium lords (Pan)
  A juggernaut (Depths:5)
  4 Killer Klowns (Zot:5)
  Bai Suzhen (Vaults:2)
  Margery (Depths:4)
  5 curse toes
  2 caustic shrikes (Depths:3)
  Geryon (Hell)
  13 golden dragons
  Nikola (Shoals:4)
  the Enchantress (Depths:3)
  2 profane servitors
  Arachne (Spider:2)
  7 Tzitzimimeh
  2 electric golems (Zot:5)
  8 Brimstone Fiends (Pan)
  An Ice Fiend (Pan)
  25 Orb Guardians (Zot:5)
  8 Hell Sentinels (Pan)
  24 tentacled monstrosities
  7 liches
  Rupert (Lair:6)
  5 quicksilver dragons
  3 titans (Vaults:5)
  2 deep elf blademasters (Elf:3)
  2 deep elf master archers (Elf:3)
  25 acid blobs
  6 ancient champions
  A kraken (Shoals:4)
  10 sphinxes
  10 death cobs
  20 Executioners (Pan)
  9 tengu reavers
  10 shadow dragons
  16 storm dragons
  4 revenants
  15 azure jellies
  An iron dragon (shapeshifter) (Depths:1)
  6 fire giants
  4 draconian monks
  2 orc warlords
  8 draconian knights
  A daeva (Pan)
  8 ghouls
  Louise (Spider:4)
  3 ghost moths
  2 iron dragons
  6 draconian shifters
  7 frost giants
  32 cacodemons (Pan)
  7 emperor scorpions
  11 vault wardens
  10 deep elf sorcerers
  4 curse skulls
  8 draconian scorchers
  68 balrugs
  8 warmongers (Pan)
  13 deep elf elementalists
  2 draconian stormcallers
  5 draconian annihilators
  5 war gargoyles
  21 reapers
  16 ironheart preservers
  A caustic shrike zombie (Depths:2)
  6 spriggan defenders (Depths:3)
  A juggernaut zombie (Depths:2)
  20 very ugly things
  21 stone giants
  22 vampire knights
  13 blood saints (Pan)
  4 black suns (Pan)
  7 corrupters (Pan)
  A caustic shrike skeleton (Depths:2)
  2 entropy weavers
  11 deep elf demonologists
  13 deep elf annihilators
  12 green draconians
  10 lorocyprocas
  13 yellow draconians
  6 black draconians
  A dire elephant (Lair:5)
  7 purple draconians
  8 red draconians
  8 white draconians
  11 spark wasps
  2 eidola
  15 deep elf death magi
  17 ettins
  19 blizzard demons
  8 merfolk javelineers
  20 green deaths
  14 jiangshi
  A crystal guardian (Vaults:3)
  Snorg (D:13)
  13 death oozes
  Erolcha (D:9)
  14 great orbs of eyes
  8 merfolk impalers
  6 deep elf high priests
  A quicksilver dragon skeleton (Crypt:2)
  10 fire dragons
  5 hydras
  7 rakshasas
  9 monstrous demonspawn (Pan)
  2 hell beasts (Pan)
  25 yaktaur captains
  Harold (Lair:2)
  7 spriggan air magi
  13 ice dragons
  33 vault guards
  5 merfolk avatars
  39 two-headed ogres
  A two-headed ogre (shapeshifter) (Vaults:4)
  17 centaur warriors
  A catoblepas (D:13)
  15 ogre magi
  27 dancing weapons
  19 vampire magi
  6 merfolk aquamancers
  8 death scarabs (Spider:4)
  3 titan zombies
  10 death yaks
  3 deep troll shamans
  9 death knights
  A satyr (shapeshifter) (Depths:4)
  6 deep troll earth magi
  2 satyrs
  7 tengu warriors
  4 hell hogs
  8 spriggan berserkers
  Urug (Orc:1)
  2 orc high priests
  15 hell knights
  6 holy swine (Pan)
  2 storm dragon zombies
  Sonja (Lair:6)
  183 sun demons
  A titan skeleton (Depths:2)
  22 deep elf knights
  2 iron golems (Hell)
  A fire crab (shapeshifter) (Depths:4)
  A small abomination (Elf:3)
  2 anaconda zombies (Hell)
  38 skeletal warriors
  A spectral emperor scorpion (Spider:4)
  A sea snake (shapeshifter) (Vaults:5)
  42 sixfirhies (Pan)
  A spark wasp zombie (Depths:2)
  13 sea snakes
  3 iron trolls
  42 soul eaters
  7 golden dragon zombies
  A cherub (Pan)
  15 deep trolls
  A glowing orange brain (shapeshifter) (Depths:4)
  10 shadow demons (Pan)
  12 wizards
  A kraken simulacrum (Shoals:4)
  2 storm dragon skeletons (Pan)
  6 shadow wraiths
  8 gelid demonspawn (Pan)
  3 flayed ghosts
  9 torturous demonspawn (Pan)
  3 unseen horrors
  15 deep elf archers
  2 tengu zombies
  14 necromancers
  A deep troll (shapeshifter) (Depths:3)
  7 glowing orange brains
  An orange crystal statue (Depths:3)
  An entropy weaver zombie (Vaults:1)
  10 infernal demonspawn
  An anaconda skeleton (Pan)
  A golden dragon skeleton (Depths:2)
  A harpy (shapeshifter) (Depths:1)
  A wolf spider zombie (Spider:4)
  A lindwurm (shapeshifter) (Depths:3)
  22 phantasmal warriors
  A sphinx zombie (Depths:2)
  4 spectral wolf spiders (Spider:4)
  5 harpies (Shoals:4)
  19 ironbrand convokers
  34 ugly things
  2 iron dragon zombies
  12 cyclopes
  11 orc knights
  2 shining eyes
  4 stone giant zombies
  7 fauns
  15 orb spiders
  5 orc sorcerers
  3 frost giant zombies
  4 oklob plants
  A salamander (shapeshifter) (Elf:3)
  A shining eye (shapeshifter) (Depths:4)
  11 manticores
  32 wolf spiders
  2 fire giant zombies (Depths:2)
  2 iron dragon skeletons
  64 deep elf magi
  A sphinx skeleton (Depths:2)
  30 moths of wrath
  A frost giant skeleton (Crypt:2)
  7 black mambas
  An elephant (shapeshifter) (Vaults:5)
  A titan simulacrum (Crypt:2)
  6 merfolk sirens
  Maurice (D:8)
  10 vault sentinels
  2 black mambas (shapeshifter)
  A dire elephant zombie (Crypt:3)
  19 elephants
  10 rust devils
  4 fire giant skeletons
  A human skeleton (Vaults:2)
  A stone giant skeleton (Depths:2)
  5 eyes of devastation
  2 spriggan zombies
  3 water nymphs
  A gargoyle (D:14)
  77 orange demons
  Psyche (D:8)
  2 torpor snails
  A molten gargoyle (Hell)
  A spiny frog (shapeshifter) (Elf:3)
  67 smoke demons
  An emperor scorpion zombie (Crypt:2)
  A torpor snail (shapeshifter) (Vaults:5)
  A yellow draconian zombie (Crypt:2)
  4 spectral redbacks (Spider:4)
  A dire elephant skeleton (Pan)
  13 spiny frogs
  6 freezing wraiths
  A hellion (Pan)
  4 komodo dragons
  76 yaktaurs
  48 efreet (Pan)
  A redback zombie (Spider:4)
  A komodo dragon (shapeshifter) (D:15)
  2 minotaur zombies (Crypt:2)
  2 rime drakes
  A yaktaur zombie (Vaults:1)
  40 demonic crawlers
  34 hellwings (Pan)
  A human zombie (Vaults:1)
  9 ice devils
  A catoblepas zombie (Crypt:3)
  17 tormentors (Pan)
  An anaconda simulacrum (Hell)
  A red draconian skeleton (Crypt:1)
  5 tengu conjurers
  33 jumping spiders
  2 sea snake skeletons
  A polar bear (Lair:5)
  25 merfolk
  3 wolf spider simulacra
  3 hydra zombies
  A pale draconian skeleton (Crypt:3)
  A yaktaur skeleton (Vaults:2)
  A queen bee (shapeshifter) (Elf:3)
  97 red devils (Pan)
  3 spectral jumping spiders (Spider:4)
  2 spectral tarantellas (Spider:4)
  10 trolls
  5 wind drakes
  10 hornets
  7 blink frogs
  An ettin zombie (Crypt:2)
  A hornet (shapeshifter) (Vaults:4)
  An alligator zombie (Hell)
  A dream sheep (shapeshifter) (Vaults:4)
  89 slime creatures
  Prince Ribbit (D:9)
  13 hippogriffs
  10 dream sheep
  2 jumping spider zombies (Spider:4)
  2 hydra skeletons
  3 bog bodies
  A fire dragon zombie (Crypt:3)
  10 snapping turtles
  2 frost giant simulacra (Depths:2)
  A tarantella zombie (Spider:4)
  A fire giant simulacrum (Depths:2)
  16 flying skulls
  A stone giant simulacrum (Vaults:1)
  32 tarantellas
  15 wraiths
  2 ice dragon skeletons (Pan)
  2 fire dragon skeletons
  A black mamba zombie (Crypt:1)
  63 redbacks
  A spriggan (shapeshifter) (Vaults:4)
  25 water elementals
  An ettin skeleton (Crypt:2)
  3 air elementals
  3 shadows
  7 spriggans
  A dire elephant simulacrum (Crypt:2)
  17 vampires
  A yak (shapeshifter) (Vaults:2)
  4 wyverns (Lair:5)
  73 ynoxinuls (Pan)
  11 fire elementals
  5 humans (D:13)
  36 yaks
  An elf zombie (Depths:2)
  4 hungry ghosts
  6 basilisks
  32 neqoxecs (Pan)
  35 chaos spawn (Pan)
  10 vampire mosquitoes
  41 large abominations (Pan)
  Menkaure (D:7)
  9 wargs
  Edmund (D:4)
  A naga (shapeshifter) (Depths:4)
  6 acid dragons
  A faun zombie (Crypt:1)
  A spiny frog zombie (Crypt:1)
  2 floating eyes
  12 water moccasins
  16 hell hounds
  A spectral hornet (Spider:4)
  10 porcupines
  A black bear (shapeshifter) (Depths:1)
  6 sky beasts
  2 manticore zombies (Crypt:3)
  30 orc warriors
  A black bear (D:7)
  6 ice beasts
  4 necrophages
  51 ogres
  A hornet zombie (Vaults:1)
  6 eyes of draining
  3 phantoms
  27 boggarts
  16 crocodiles
  20 centaurs
  A crocodile (shapeshifter) (Vaults:1)
  2 wolves (Lair:6)
  A rime drake skeleton (Crypt:2)
  3 big kobolds (D:8)
  17 bullfrogs
  3 earth elementals
  A gnoll sergeant (D:6)
  An elf skeleton (Pan)
  A water moccasin zombie (D:5)
  A troll zombie (Crypt:3)
  2 scorpions
  5 killer bees (D:9)
  A troll skeleton (Crypt:2)
  A raiju skeleton (Crypt:3)
  An electric eel (Spider:2)
  5 howler monkeys
  12 crimson imps
  5 centaur zombies
  2 quasits
  A bullfrog zombie (D:9)
  4 hounds
  21 orc priests
  5 bullfrog skeletons
  6 centaur skeletons
  12 jellies
  18 orc wizards
  Jessica (D:2)
  Natasha (thrice) (D:3)
  6 iguanas
  12 worker ants
  A killer bee zombie (D:8)
  A deep dwarf zombie (Crypt:1)
  2 tengu skeletons
  A dwarf skeleton (Crypt:1)
  A hound skeleton (D:7)
  2 worker ant zombies
  19 adders
  9 gnolls
  A howler monkey skeleton (D:6)
  A river rat (D:10)
  3 shadow imps
  A white imp (Depths:1)
  16 oozes
  An adder zombie (D:6)
  2 iguana skeletons
  2 adder skeletons
  2 worms
  A ball lightning (Pan)
  4 dart slugs
  7 leopard geckos
  100 orcs
  8 bats
  11 giant cockroaches
  11 goblins
  14 hobgoblins
  13 jackals
  2 quokkas
  A ball python (D:5)
  2 ball python skeletons
  5 frilled lizards
  A jackal skeleton (D:5)
  16 kobolds
  A kobold zombie (Crypt:2)
  A leopard gecko skeleton (D:4)
  2 orc zombies
  A quokka skeleton (D:5)
  10 rats
  4 bushes (Lair:6)
  2 crawling corpses (Elf:3)
  71 fire vortices
  4 fungi
  13 plants
  A tentacle (Shoals:4)
4035 creatures vanquished.

Vanquished Creatures (collateral kills)
  An ancient lich (Zot:5)
  A tentacled monstrosity (Zot:3)
  A quicksilver dragon (Vaults:5)
  Asterion (Vaults:2)
  An acid blob (Slime:2)
  An azure jelly (Slime:5)
  A draconian knight (Zot:1)
  5 cacodemons (Pan)
  A draconian shifter (Zot:4)
  An emperor scorpion (Spider:4)
  A draconian stormcaller (Zot:1)
  A ghoul (Crypt:1)
  A very ugly thing (Vaults:1)
  A reaper (Hell)
  A green draconian (Zot:1)
  2 black draconians
  2 dire elephants
  A purple draconian (Zot:4)
  A green death (Pan)
  A merfolk javelineer (Shoals:1)
  A merfolk impaler (Shoals:1)
  An ogre mage (Vaults:4)
  A vault guard (D:13)
  A merfolk aquamancer (Shoals:1)
  A two-headed ogre (Orc:1)
  A deep troll earth mage (Depths:1)
  A vampire mage (Crypt:3)
  A skeletal warrior (Crypt:2)
  A sixfirhy (Pan)
  A deep troll (Depths:1)
  An orc knight (Vaults:4)
  An orb spider (Spider:4)
  A wolf spider (Spider:4)
  A harpy (Shoals:4)
  5 ugly things
  An orange demon (Pan)
  2 smoke demons (Pan)
  A large abomination (Pan)
  A demonic crawler (Pan)
  A merfolk (Shoals:4)
  An ice devil (Lair:6)
  4 trolls
  3 redbacks (Spider:3)
  A ynoxinul (Pan)
  3 tarantellas
  2 humans (D:13)
  A neqoxec (Pan)
  An orc warrior (Vaults:4)
  4 ogres
  2 wolves (Lair:6)
  3 jellies
  An ooze (Lair:6)
  4 orcs
  A dart slug zombie (Crypt:2)
82 creatures vanquished.

Vanquished Creatures (others)
  A deep elf master archer (Elf:3)
  An eldritch tentacle (Pan)
  3 stone giants
  A deep elf death mage (Depths:2)
  A yaktaur captain (Vaults:4)
  A vault guard (D:13)
  A rakshasa (Pan)
  2 centaur warriors
  A glowing orange brain (Pan)
  A necromancer (Depths:2)
  2 orange demons (Pan)
  8 yaktaurs
  A redback (Spider:1)
  An ogre (Orc:2)
  A centaur (Vaults:1)
  11 ball lightnings (Pan)
  497 fire vortices
  41 fungi
  42 plants
  12 tentacles (Shoals:4)
  4 withered plants (Crypt:1)
633 creatures vanquished.

Grand Total: 4750 creatures vanquished

Notes
Turn   | Place    | Note
-------+----------+-------------------------------------------
     0 | D:1      | mortelune the Deep Elf Fire Elementalist began the quest
                  | for the Orb.
     0 | D:1      | Reached XP level 1. HP: 10/10 MP: 6/6
   406 | D:1      | Reached XP level 2. HP: 15/15 MP: 5/8
   410 | D:1      | Learned a level 2 spell: Throw Flame
  1152 | D:1      | Reached XP level 3. HP: 19/19 MP: 2/9
  1426 | D:1      | Learned a level 3 spell: Conjure Flame
  2219 | D:2      | Reached XP level 4. HP: 24/24 MP: 6/11
  3255 | D:2      | Noticed Jessica
  3259 | D:2      | Killed Jessica
  3826 | D:3      | Reached XP level 5. HP: 28/28 MP: 7/12
  3882 | D:3      | Noticed Natasha
  3887 | D:3      | Killed Natasha
  3891 | D:3      | Noticed Natasha
  3901 | D:3      | Killed Natasha
  3901 | D:3      | Reached skill level 4 in Spellcasting
  4436 | D:3      | Noticed Natasha
  4457 | D:3      | Killed Natasha
  4686 | D:3      | Reached skill level 5 in Fire Magic
  4696 | D:3      | Reached XP level 6. HP: 32/32 MP: 4/14
  5056 | D:3      | Found Zin's Purification Station.
  5056 | D:3      | Found a glowing silver altar of Zin.
  5075 | D:3      | Bought a potion of curing for 90 gold pieces
  5729 | D:4      | Learned a level 4 spell: Sticky Flame
  5764 | D:4      | Found a staircase to the Ecumenical Temple.
  5837 | Temple   | Entered the Ecumenical Temple
  5917 | Temple   | Became a worshipper of Vehumet
  5970 | D:4      | Reached XP level 7. HP: 36/36 MP: 6/16
  6042 | D:4      | Noticed Edmund
  6060 | D:4      | Killed Edmund
  6060 | D:4      | Reached skill level 5 in Spellcasting
  6060 | D:4      | Reached skill level 5 in Conjurations
  7367 | D:5      | Entered Level 5 of the Dungeon
  7494 | D:5      | Reached skill level 5 in Dodging
  7614 | D:5      | Found Kuruh's Assorted Antiques.
  7637 | D:5      | Bought a sparkling marble ring for 140 gold pieces
  7637 | D:5      | Identified the ring of Syndicalism {Ice rN+ MR- Dex+5
                  | Slay+2} (You bought it in a shop on level 5 of the Dungeon)
  7811 | D:5      | Found a stormy altar of Qazlal.
  7903 | D:5      | Reached XP level 8. HP: 41/41 MP: 15/18
  8942 | D:5      | Learned a level 5 spell: Fireball
  9160 | D:6      | Reached skill level 6 in Spellcasting
  9394 | D:6      | Reached * piety under Vehumet
  9394 | D:6      | Offered knowledge of Sting by Vehumet.
 10604 | D:7      | Reached XP level 9. HP: 45/45 MP: 19/21
 10868 | D:7      | Noticed Menkaure
 10897 | D:7      | Killed Menkaure
 10897 | D:7      | Reached ** piety under Vehumet
 10897 | D:7      | Reached skill level 7 in Spellcasting
 10909 | D:7      | Offered knowledge of Magic Dart by Vehumet.
 10962 | D:7      | Learned a level 1 spell: Magic Dart
 11165 | D:7      | Found an iron altar of Okawaru.
 11552 | D:8      | Found a shimmering altar of Xom.
 11553 | D:8      | Found a hazy altar of Hepliaklqana.
 11554 | D:8      | Noticed a spectral ugly thing
 11693 | D:8      | Reached skill level 1 in Fighting
 11936 | D:8      | Noticed Maurice
 11940 | D:8      | Noticed Psyche
 11942 | D:8      | Killed Maurice
 11963 | D:8      | Killed Psyche
 11963 | D:8      | Reached skill level 8 in Spellcasting
 12165 | D:8      | Reached XP level 10. HP: 53/53 MP: 17/24
 12524 | D:8      | Offered knowledge of Throw Frost by Vehumet.
 12647 | D:8      | Got a vibrating lead ring
 12737 | D:8      | Identified the ring of Immorality {+Blink rElec rF+ Str+5}
                  | (You found it on level 8 of the Dungeon)
 12991 | D:8      | Reached skill level 10 in Fire Magic
 13055 | D:8      | Noticed a three-headed hydra
 13061 | D:8      | Killed a three-headed hydra
 13441 | D:9      | Noticed Erolcha
 13454 | D:9      | Killed Erolcha
 13454 | D:9      | Reached skill level 9 in Spellcasting
 13454 | D:9      | Reached skill level 10 in Conjurations
 13499 | D:9      | Reached *** piety under Vehumet
 14024 | D:9      | Found a staircase to the Orcish Mines.
 14117 | D:9      | Found an ancient bone altar of Kikubaaqudgha.
 14239 | D:9      | Offered knowledge of Dazzling Spray by Vehumet.
 14459 | D:9      | Found Dearr's Jewellery Emporium.
 14466 | D:9      | Bought an uncursed ring of poison resistance for 280 gold
                  | pieces
 14527 | D:9      | Noticed Prince Ribbit
 14534 | D:9      | Killed Prince Ribbit
 14604 | D:9      | Reached XP level 11. HP: 59/60 MP: 16/26
 14896 | D:10     | Entered Level 10 of the Dungeon
 15007 | D:10     | Noticed a death yak
 15017 | D:10     | Killed a death yak
 15091 | D:10     | Noticed a death yak
 15103 | D:10     | Killed a death yak
 15107 | D:10     | Noticed a death yak
 15191 | D:10     | Killed a death yak
 15400 | D:10     | Found Kuogikki's Armour Emporium.
 15562 | D:10     | Found a staircase to the Lair.
 15782 | D:10     | Noticed a two-headed ogre
 15785 | D:10     | Killed a two-headed ogre
 16331 | Lair:1   | Entered Level 1 of the Lair of Beasts
 16335 | Lair:1   | Reached **** piety under Vehumet
 16335 | Lair:1   | Reached skill level 10 in Spellcasting
 16604 | Lair:1   | Offered knowledge of Ignite Poison by Vehumet.
 16936 | Lair:1   | Reached skill level 1 in Evocations
 17288 | Lair:1   | Reached skill level 1 in Armour
 17725 | Lair:2   | Noticed Harold
 17729 | Lair:2   | Killed Harold
 17729 | Lair:2   | Reached XP level 12. HP: 46/67 MP: 9/28
 17911 | Lair:2   | Learned a level 4 spell: Airstrike
 18476 | Lair:2   | Found a staircase to the Shoals.
 18778 | Lair:3   | Learned a level 4 spell: Summon Lightning Spire
 18832 | Lair:3   | Reached skill level 1 in Air Magic
 18930 | Lair:3   | Found a hole to the Spider Nest.
 19116 | Lair:3   | Reached skill level 1 in Summonings
 19384 | Lair:3   | You fall into a shaft and drop 3 floors!
 19384 | Lair:6   | Entered Level 6 of the Lair of Beasts
 19387 | Lair:6   | Noticed a five-headed hydra
 19401 | Lair:6   | Found a burning altar of Makhleb.
 19681 | Lair:6   | Reached skill level 5 in Fighting
 19683 | Lair:6   | Noticed a dire elephant
 20070 | Lair:6   | Got a bound glass ring
 20074 | Lair:6   | Killed a five-headed hydra
 20074 | Lair:6   | Reached skill level 5 in Evocations
 20121 | Lair:5   | Identified the ring "Enkyot" {+Fly rElec MR+ Slay+3} (You
                  | found it on level 6 of the Lair of Beasts)
 20488 | Lair:5   | Noticed a five-headed hydra
 20492 | Lair:5   | Killed a five-headed hydra
 21096 | Lair:5   | Reached skill level 5 in Air Magic
 21104 | Lair:5   | Reached XP level 13. HP: 54/73 MP: 12/29
 21704 | Lair:4   | Reached skill level 5 in Armour
 22007 | Lair:4   | You fall into a shaft and drop 2 floors!
 22027 | Lair:6   | Noticed Sonja
 22028 | Lair:6   | Killed Sonja
 22030 | Lair:6   | Noticed Rupert
 22038 | Lair:6   | Noticed a dire elephant
 22068 | Lair:6   | Killed a dire elephant
 22646 | Lair:4   | Reached ***** piety under Vehumet
 22813 | Lair:4   | Offered knowledge of Orb of Destruction by Vehumet.
 22835 | Lair:4   | Learned a level 7 spell: Orb of Destruction
 25150 | Lair:6   | Noticed a dire elephant
 25942 | Lair:5   | Killed a dire elephant
 26774 | Lair:5   | Killed a dire elephant
 26774 | Lair:5   | Reached XP level 14. HP: 73/80 MP: 1/30
 27049 | Lair:6   | Found a runed translucent door.
 27050 | Lair:6   | Found a viscous altar of Jiyva.
 27072 | Lair:6   | Found a staircase to the Slime Pits.
 27144 | Lair:6   | Got a steaming leather armour
 27160 | Lair:6   | Identified the +0 leather armour of Ytoul {rElec Str+7
                  | Int-3} (You found it on level 6 of the Lair of Beasts)
 27221 | Lair:6   | Paralysed by Rupert for 7 turns
 27230 | Lair:6   | Killed Rupert
 28747 | Lair:6   | Found a gateway to Hell.
 29343 | D:11     | Found Famicze's Food Boutique.
 29550 | D:11     | Found a shimmering altar of Xom.
 29554 | D:11     | Found a shimmering altar of Xom.
 29555 | D:11     | Found a shimmering altar of Xom.
 29555 | D:11     | Found a shimmering altar of Xom.
 29611 | D:11     | Found a shimmering altar of Xom.
 29614 | D:11     | Found a shimmering altar of Xom.
 29614 | D:11     | Found a shimmering altar of Xom.
 30364 | Orc:1    | Entered Level 1 of the Orcish Mines
 30368 | Orc:1    | Noticed Urug
 30373 | Orc:1    | Killed Urug
 30697 | Orc:1    | Found Puveink's Food Emporium.
 30822 | Orc:2    | Entered Level 2 of the Orcish Mines
 30949 | Orc:2    | Found Arrem's Antique Weapon Emporium.
 30960 | Orc:1    | Offered knowledge of Yara's Violent Unravelling by Vehumet.
 31865 | Orc:2    | Reached skill level 10 in Dodging
 31867 | Orc:2    | Reached skill level 11 in Spellcasting
 33169 | D:12     | Offered knowledge of Ozocubu's Refrigeration by Vehumet.
 34234 | D:13     | Reached XP level 15. HP: 86/86 MP: 24/32
 34302 | D:13     | Noticed Snorg
 34306 | D:13     | Killed Snorg
 34306 | D:13     | Reached skill level 10 in Air Magic
 35808 | D:13     | Found a gate to the Vaults.
 37224 | D:14     | Offered knowledge of Lee's Rapid Deconstruction by Vehumet.
 37242 | D:14     | Learned a level 5 spell: Lightning Bolt
 37353 | D:14     | Found a roughly hewn altar of Beogh.
 37566 | D:15     | Entered Level 15 of the Dungeon
 38758 | D:15     | Reached skill level 12 in Spellcasting
 40015 | D:15     | Reached skill level 15 in Fire Magic
 40344 | D:15     | Found a staircase to the Depths.
 41060 | Orc:2    | Offered knowledge of Freezing Cloud by Vehumet.
 41675 | Orc:1    | Reached XP level 16. HP: 48/92 MP: 19/34
 42219 | Orc:2    | Found Doaxebek's Weapon Boutique.
 42253 | Orc:2    | Found Postremas's Weapon Shoppe.
 42254 | Orc:2    | Found Cann's Book Emporium.
 42546 | Orc:2    | Found a staircase to the Elven Halls.
 43387 | Spider:1 | Entered Level 1 of the Spider Nest
 43770 | Spider:1 | Reached skill level 1 in Staves
 43966 | Spider:1 | Learned a level 3 spell: Regeneration
 44038 | Spider:1 | Reached skill level 1 in Necromancy
 44801 | D:10     | Bought a +0 pair of boots of flying for 195 gold pieces
 45694 | Spider:2 | Found a runed translucent door.
 45696 | Spider:2 | Found a shimmering altar of Xom.
 45696 | Spider:2 | Noticed endersaim's ghost (adept MfSk)
 45696 | Spider:2 | Identified the +0 bardiche of Wyrd {chaos, *Rage rN++ Int+2
                  | Dex+4}
 46613 | Spider:3 | Noticed Arachne
 46631 | Spider:2 | Offered knowledge of Bolt of Fire by Vehumet.
 46785 | Spider:2 | Reached skill level 13 in Spellcasting
 46857 | Spider:2 | Killed Arachne
 48652 | Spider:3 | Got an ancient leather armour
 48726 | Spider:3 | Identified the +2 leather armour of Repulsion {rElec} (You
                  | found it on level 3 of the Spider Nest)
 48904 | Spider:4 | Entered Level 4 of the Spider Nest
 49415 | Spider:4 | Reached ****** piety under Vehumet
 49730 | Spider:4 | Reached XP level 17. HP: 75/96 MP: 15/36
 50055 | Spider:4 | Offered knowledge of Spellforged Servitor by Vehumet.
 50822 | Shoals:1 | Entered Level 1 of the Shoals
 52560 | Shoals:1 | Got a wavering wooden ring
 52562 | Shoals:1 | Identified the ring "Xeos" {Ice MR+ MP+9 Str+3 Int-2} (You
                  | found it on level 1 of the Shoals)
 52649 | Shoals:1 | Found a runed translucent gate.
 52649 | Shoals:1 | Found a runed translucent gate.
 52649 | Shoals:1 | Found a runed translucent gate.
 52661 | Shoals:1 | Noticed Qatuad's ghost (adept GnFi)
 52661 | Shoals:1 | Identified the ring of the Battered Beggars {rElec rPois
                  | rN+ rCorr}
 53326 | Shoals:1 | Learned a level 2 spell: Shroud of Golubria
 53538 | Shoals:2 | Reached skill level 5 in Staves
 53611 | Shoals:2 | Reached skill level 14 in Spellcasting
 53960 | Shoals:2 | Offered knowledge of Shatter by Vehumet.
 53960 | Shoals:2 | Offered knowledge of Tornado by Vehumet.
 53960 | Shoals:2 | Offered knowledge of Ignition by Vehumet.
 55985 | Shoals:4 | Entered Level 4 of the Shoals
 56900 | Shoals:4 | Noticed Nikola
 57020 | Shoals:4 | Killed Nikola
 57020 | Shoals:4 | Reached skill level 15 in Conjurations
 57652 | Shoals:4 | Reached XP level 18. HP: 101/101 MP: 19/38
 58341 | Shoals:4 | Got a pair of transparent gloves
 58352 | Shoals:4 | Identified the +2 pair of gloves "Ziwkotie" {rElec MP+9}
                  | (You found it on level 4 of the Shoals)
 58580 | Shoals:4 | Got a barnacled rune of Zot
 59592 | Vaults:1 | Entered Level 1 of the Vaults
 60243 | Vaults:1 | Identified a scroll of acquirement
 60752 | Vaults:1 | Found Ymurejoc's Antique Armour Shop.
 60760 | Vaults:1 | Bought a shiny helmet for 210 gold pieces
 60760 | Vaults:1 | Bought a runed scarf for 224 gold pieces
 60760 | Vaults:1 | Bought a shimmering buckler for 266 gold pieces
 60794 | Vaults:1 | Identified the +3 buckler "Ligen" {*Contam Str+3 Slay+3}
                  | (You bought it in a shop on level 1 of the Vaults)
 61031 | Vaults:1 | Reached skill level 1 in Shields
 61177 | Vaults:1 | Got a faintly glowing ring mail
 61188 | Vaults:1 | Identified the cursed +0 ring mail of the Turtle {rC+ SInv}
                  | (You found it on level 1 of the Vaults)
 61484 | Vaults:1 | Reached skill level 15 in Spellcasting
 62724 | Vaults:2 | Noticed Asterion
 62732 | Vaults:2 | Killed Asterion
 63881 | Vaults:2 | Noticed Bai Suzhen
 64114 | Vaults:2 | Reached XP level 19. HP: 108/108 MP: 29/40
 64203 | Vaults:2 | Learned a level 8 spell: Ignition
 64929 | Vaults:2 | Found a stormy altar of Qazlal.
 64964 | Vaults:2 | Killed Bai Suzhen
 65128 | Vaults:3 | Found Camun's Book Emporium.
 65131 | Vaults:3 | Bought a book of Party Tricks for 850 gold pieces
 65133 | Vaults:3 | Learned a level 1 spell: Summon Butterflies
 65717 | Vaults:3 | Reached skill level 16 in Spellcasting
 66114 | Vaults:3 | Found a staircase to the Crypt.
 67598 | Vaults:4 | Found Usoanidoi's Weapon Boutique.
 69374 | Vaults:4 | Found Faorahef's Gadget Shop.
 69382 | Vaults:4 | Bought a phantom mirror for 630 gold pieces
 70335 | Elf:1    | Entered Level 1 of the Elven Halls
 70500 | Elf:1    | Found Tapliruu's Distillery.
 70629 | Elf:1    | Reached skill level 10 in Fighting
 70630 | Elf:1    | Reached XP level 20. HP: 117/117 MP: 42/42
 70883 | Elf:1    | Reached skill level 17 in Spellcasting
 70885 | Elf:1    | Reached skill level 10 in Staves
 72481 | Elf:2    | Found a runed translucent gate.
 72487 | Elf:2    | Found a runed translucent gate.
 72488 | Elf:2    | Found a runed translucent gate.
 74004 | Elf:3    | Entered Level 3 of the Elven Halls
 74414 | Elf:3    | Identified the ring of the Snail {rC+++ rN+++ Str-5 Dex+3}
 74866 | Elf:3    | Reached XP level 21. HP: 117/124 MP: 36/44
 74879 | Elf:3    | Reached skill level 10 in Armour
 75111 | Elf:3    | Reached skill level 18 in Spellcasting
 75324 | Elf:3    | Found the +8 longbow "Zephyr" {speed, Dex+3 SInv}
 75376 | Elf:3    | Identified the +8 fire dragon scales of the Doldrums {*Slow
                  | rElec rF++ rC- Str-4 Dex+8} (You found it on level 3 of the
                  | Elven Halls)
 75488 | Elf:3    | Identified a +0 pair of boots of running (You found it on
                  | level 3 of the Elven Halls)
 75494 | Elf:3    | Identified the Handbook of Dark Creation
 75525 | Elf:3    | Got a slimy zirconium amulet
 75539 | Elf:3    | Got a pair of dazzling gloves
 75550 | Elf:3    | Identified the +1 pair of gloves "Ryudekeh" {rF++ rN+} (You
                  | acquired it on level 3 of the Elven Halls)
 76880 | Spider:4 | Noticed Louise
 76927 | Spider:4 | Killed Louise
 78173 | Spider:4 | Reached skill level 15 in Air Magic
 78235 | Spider:4 | Got a gossamer rune of Zot
 78649 | Depths:1 | Entered Level 1 of the Depths
 78665 | Depths:1 | Found Dioqiz's Antique Weapon Boutique.
 78896 | Depths:1 | Found Opybbien's Antique Weapon Boutique.
 78897 | Depths:1 | Found Ulei's Jewellery Boutique.
 78903 | Depths:1 | Found Pist's Assorted Antiques.
 78914 | Depths:1 | Bought a potion of invisibility for 328 gold pieces
 78914 | Depths:1 | Bought a scroll of identify for 82 gold pieces
 78914 | Depths:1 | Identified the amulet "Vyeshol" {Harm *Drain rC+ Dex+3}
                  | (You found it on level 3 of the Elven Halls)
 79071 | Depths:1 | Found a one-way gate to the infinite horrors of the Abyss.
 79412 | Depths:1 | Found a stormy altar of Qazlal.
 80286 | Depths:1 | Found a glowing golden altar of the Shining One.
 80649 | Depths:2 | Reached XP level 22. HP: 131/131 MP: 40/46
 81989 | Depths:2 | Found an ancient bone altar of Kikubaaqudgha.
 81989 | Depths:2 | Noticed an ancient lich
 82171 | Depths:2 | Reached skill level 19 in Spellcasting
 82659 | Depths:2 | Reached skill level 15 in Dodging
 84141 | Depths:2 | Got a heavily runed chain mail
 84147 | Depths:2 | Identified the cursed +0 chain mail of the Wumpus {*Slow
                  | Int+7 SInv} (You found it on level 2 of the Depths)
 84819 | Depths:3 | Found a one-way gate leading to the halls of Pandemonium.
 85823 | Depths:3 | Noticed a golden dragon
 85836 | Depths:3 | Killed a golden dragon
 86556 | Depths:3 | Noticed a caustic shrike
 86562 | Depths:3 | Killed a caustic shrike
 86562 | Depths:3 | Reached XP level 23. HP: 128/138 MP: 40/48
 86697 | Depths:3 | Noticed the Enchantress
 86702 | Depths:3 | Killed the Enchantress
 86727 | Depths:3 | Identified the ring "Gutoirao" {*Corrode rPois MR++ Int+10}
                  | (You took it off a spriggan on level 3 of the Depths)
 86789 | Depths:3 | Got a crude broad axe
 86790 | Depths:3 | Identified the cursed +0 broad axe of the Feather {pain,
                  | rElec Str+4 Int+6 Stlth+} (You took it off a spriggan on
                  | level 3 of the Depths)
 86824 | Depths:3 | Learned a level 9 spell: Fire Storm
 86834 | Depths:3 | Noticed a caustic shrike
 86836 | Depths:3 | Killed a caustic shrike
 87054 | Depths:3 | Identified the cursed +1 scale mail "Gucreim" {rN+ Str+4}
                  | (You found it on level 3 of the Depths)
 87952 | Depths:3 | Found Haopoc's Weapon Shop.
 88614 | Depths:4 | Found a gateway to a ziggurat.
 88886 | Depths:4 | Reached skill level 20 in Spellcasting
 89842 | Depths:4 | Killed an ancient lich
 90550 | Depths:4 | Noticed Margery
 90589 | Depths:4 | Killed Margery
 91069 | Depths:4 | Reached XP level 24. HP: 109/145 MP: 49/49
 91597 | Depths:5 | Entered Level 5 of the Depths
 91731 | Depths:5 | Found Rocluem's Jewellery Boutique.
 91731 | Depths:5 | Found Sahyvvast's Gadget Shoppe.
 91790 | Depths:5 | Found Gidyxa's Gadget Shoppe.
 91812 | Depths:5 | Bought a wand of acid (9) for 546 gold pieces
 92768 | Depths:5 | Found a gate to the Realm of Zot.
 93089 | Depths:5 | Noticed a juggernaut
 93318 | Depths:5 | Killed a juggernaut
 94165 | Depths:5 | Found a viscous altar of Jiyva.
 94524 | Vaults:5 | Entered Level 5 of the Vaults
 94526 | Vaults:5 | Reached skill level 21 in Spellcasting
 94535 | Vaults:5 | Noticed an ancient lich
 95463 | Vaults:5 | Reached XP level 25. HP: 151/151 MP: 50/50
 96186 | Vaults:5 | Killed an ancient lich
 96186 | Vaults:5 | Identified the amulet "Veyd Mac" {Harm *Drain Str+7 Int+4}
 96383 | Vaults:5 | Identified the cursed +1 arbalest of Twilight {venom, rElec
                  | Dex+3}
 96951 | Vaults:5 | Found the +2 ratskin cloak {+Rats rPois rN+ Str-1 Int-1
                  | Dex+1}
 97121 | Vaults:5 | Found Elykali's Assorted Antiques.
 97129 | Vaults:5 | Bought a scroll of teleportation for 102 gold pieces
 97472 | Vaults:5 | Noticed an ancient lich
 97481 | Vaults:5 | Killed an ancient lich
 97792 | Vaults:5 | Got a silver rune of Zot
 98197 | Vaults:5 | Identified the +1 helmet of the Manifold Nights {rPois rF+}
                  | (You found it on level 5 of the Vaults)
 98680 | Crypt:1  | Entered Level 1 of the Crypt
 98760 | Crypt:1  | Reached skill level 5 in Necromancy
100065 | Crypt:1  | Found a blossoming altar of Fedhas.
100792 | Crypt:2  | Reached skill level 22 in Spellcasting
100874 | Crypt:2  | Reached XP level 26. HP: 158/158 MP: 25/51
101986 | Crypt:2  | Found an ancient bone altar of Kikubaaqudgha.
102219 | Crypt:2  | Identified the amulet of the Raven {Regen+ Slay+6}
102357 | Crypt:2  | Found a basalt altar of Yredelemnul.
102369 | Crypt:2  | Identified the amulet of Zojesy {Regen+ Str+4 Dex+4} (You
                  | found it on level 2 of the Crypt)
102466 | Crypt:3  | Entered Level 3 of the Crypt
102618 | Crypt:3  | Found a staircase to the Tomb.
102618 | Crypt:3  | Noticed an ancient lich
102625 | Crypt:3  | Killed an ancient lich
106009 | Crypt:3  | Identified the +2 spear "Amiotumiro" {protect, MP+9 SInv}
                  | (You found it on level 3 of the Crypt)
106475 | Zot:1    | Entered Level 1 of the Realm of Zot
106758 | Zot:1    | Learned a level 9 spell: Tornado
106850 | Zot:1    | Noticed an orb of fire
106855 | Zot:1    | Killed an orb of fire
107103 | Zot:1    | Reached XP level 27. HP: 164/164 MP: 18/51
107942 | Zot:2    | Reached skill level 15 in Fighting
108459 | Zot:2    | Noticed an orb of fire
108461 | Zot:2    | Gained mutation: Your body sometimes deteriorates upon
                  | taking damage. [an orb of fire]
108465 | Zot:2    | Gained mutation: You are frail. (-10% HP) [an orb of fire]
108466 | Zot:2    | Killed an orb of fire
108620 | Zot:2    | Reached skill level 10 in Necromancy
108901 | Zot:2    | Reached skill level 23 in Spellcasting
110353 | Zot:2    | Lost mutation: You are frail. (-10% HP) [potion of
                  | mutation]
110353 | Zot:2    | Lost mutation: Your body sometimes deteriorates upon taking
                  | damage. [potion of mutation]
110353 | Zot:2    | Gained mutation: Scrolls take you a little longer to read.
                  | [potion of mutation]
110353 | Zot:2    | Gained mutation: Scrolls take you longer to read. [potion
                  | of mutation]
110353 | Zot:2    | Gained mutation: You are weak. (Str -2) [potion of
                  | mutation]
110353 | Zot:2    | Gained mutation: You are partially covered in thin metallic
                  | scales. (AC +2) [potion of mutation]
110522 | Zot:3    | Noticed an orb of fire
111378 | Zot:3    | Killed an orb of fire
111378 | Zot:3    | Reached skill level 10 in Evocations
112490 | Zot:3    | Identified the +9 trident "Zureh" {elec, +Rage Int+4} (You
                  | found it on level 3 of the Realm of Zot)
114171 | Zot:5    | Entered Level 5 of the Realm of Zot
115168 | Zot:5    | Noticed an orb of fire
115179 | Zot:5    | Killed an orb of fire
115345 | Zot:5    | Noticed an orb of fire
115350 | Zot:5    | Gained mutation: You are dopey. (Int -2) [an orb of fire]
115353 | Zot:5    | Killed an orb of fire
115439 | Zot:5    | Noticed an ancient lich
115444 | Zot:5    | Killed an ancient lich
115575 | Zot:5    | Lost mutation: You are dopey. (Int -2) [the power of Zot]
115583 | Zot:5    | Noticed an ancient lich
115585 | Zot:5    | Killed an ancient lich
115724 | Zot:5    | Noticed an ancient lich
115946 | Zot:5    | Noticed an ancient lich
115951 | Zot:5    | Killed an ancient lich
116010 | Zot:5    | Killed an ancient lich
116017 | Zot:5    | Noticed an orb of fire
116019 | Zot:5    | Gained mutation: You tend to lose your temper in combat.
                  | [an orb of fire]
116021 | Zot:5    | Gained mutation: You are dopey. (Int -2) [an orb of fire]
116025 | Zot:5    | Killed an orb of fire
116028 | Zot:5    | Noticed an ancient lich
116033 | Zot:5    | Killed an ancient lich
116383 | Zot:5    | Noticed an ancient lich
116396 | Zot:5    | Killed an ancient lich
116597 | Zot:5    | Noticed an ancient lich
116601 | Zot:5    | Killed an ancient lich
116601 | Zot:5    | Reached skill level 24 in Spellcasting
117314 | Zot:5    | Lost mutation: You are partially covered in thin metallic
                  | scales. (AC +2) [potion of mutation]
117314 | Zot:5    | Lost mutation: You are weak. (Str -2) [potion of mutation]
117314 | Zot:5    | Lost mutation: You are dopey. (Int -2) [potion of mutation]
117314 | Zot:5    | Gained mutation: Your flesh is cold resistant. (rC+)
                  | [potion of mutation]
117314 | Zot:5    | Gained mutation: Your muscles are strong. (Str +2) [potion
                  | of mutation]
117314 | Zot:5    | Lost mutation: You tend to lose your temper in combat.
                  | [potion of mutation]
118070 | Orc:2    | Bought a book of the Warp for 900 gold pieces
118351 | Vaults:3 | Bought a book of Minor Magic for 340 gold pieces
118611 | D:9      | Bought the ring "Xuno Mif" {rPois rF+++ rC+ MR- Int+4} for
                  | 1024 gold pieces
118802 | Slime:1  | Entered Level 1 of the Pits of Slime
119757 | Slime:5  | Entered Level 5 of the Pits of Slime
119771 | Slime:5  | Noticed the Royal Jelly
120522 | Slime:5  | Killed the Royal Jelly
120896 | Slime:5  | Identified the +6 falchion "Qosodamo" {slice, rC+ Int+6
                  | SInv} (You found it on level 5 of the Pits of Slime)
120930 | Slime:5  | Identified the cursed +0 plate armour of Music {rPois
                  | Regen+ Int-5} (You found it on level 5 of the Pits of
                  | Slime)
120951 | Slime:5  | Identified the +3 troll leather armour of the Other Side
                  | {rF+ Regen+} (You found it on level 5 of the Pits of Slime)
120965 | Slime:5  | Identified the amulet "Beagemen" {+Rage rPois Str+3} (You
                  | found it on level 5 of the Pits of Slime)
120969 | Slime:5  | Identified the Reference Book on Poisonous Changing
120972 | Slime:5  | Got a slimy rune of Zot
120973 | Slime:5  | Identified the Disquisition on Augmentations and Earth
121038 | Slime:5  | Identified the cursed +0 quarterstaff of Inconvenience
                  | {venom, rN+} (You found it on level 5 of the Pits of Slime)
121438 | Depths:1 | Bought a shimmering morningstar for 342 gold pieces
121440 | Depths:1 | Identified the +1 morningstar of a treasure trove {crush,
                  | *Contam rN+ Str+5 Int+2} (You bought it in a shop on level
                  | 1 of the Depths)
121691 | Orc:2    | Bought the +9 morningstar of Mana {crush, +Rage Stlth+} for
                  | 835 gold pieces
122116 | Crypt:3  | Identified the +10 quick blade of the Warrior-Mage {vamp,
                  | rC+ Str+4 Int+3} (You found it on level 3 of the Crypt)
122126 | Crypt:3  | Learned a level 6 spell: Deflect Missiles
122492 | Hell     | Entered the Vestibule of Hell
122492 | Hell     | Noticed Geryon
122496 | Hell     | Killed Geryon
123040 | Hell     | Reached skill level 15 in Evocations
123623 | Hell     | Found a gateway to the Iron City of Dis.
123667 | Hell     | Found a gateway to the ashen valley of Gehenna.
123902 | Hell     | Found a gateway to the decaying netherworld of Tartarus.
124011 | Pan      | Entered Pandemonium
124025 | Pan      | Noticed Jiybax the pandemonium lord
124189 | Pan      | Found an exit through the horrors of the Abyss.
124318 | Pan      | Reached skill level 1 in Short Blades
124582 | Pan      | Gained mutation: Scrolls take you much longer to read. [a
                  | neqoxec]
125092 | Pan      | Gained mutation: Armour fits poorly on your strangely
                  | shaped body. [a cacodemon]
126061 | Pan      | Found a runed translucent door.
126064 | Pan      | Found a runed translucent door.
126327 | Pan      | Learned a level 2 spell: Blink
126432 | Pan      | Found a runed translucent door.
126438 | Pan      | Found a runed translucent door.
126439 | Pan      | Noticed Koh Buu the pandemonium lord
126488 | Pan      | Killed Koh Buu the pandemonium lord
127504 | Pan      | Identified the Papyrus of the Blind Marksman
127524 | Pan      | Reached skill level 5 in Short Blades
127981 | Pan      | Noticed Hoin the pandemonium lord
128218 | Pan      | Gained mutation: You tend to lose your temper in combat. [a
                  | neqoxec]
128419 | Pan      | Gained mutation: You are frail. (-10% HP) [a neqoxec]
128446 | Pan      | Lost mutation: You tend to lose your temper in combat.
                  | [potion of mutation]
128446 | Pan      | Lost mutation: You are frail. (-10% HP) [potion of
                  | mutation]
128446 | Pan      | Lost mutation: Your muscles are strong. (Str +2) [potion of
                  | mutation]
128446 | Pan      | Lost mutation: Scrolls take you much longer to read.
                  | [potion of mutation]
128446 | Pan      | Gained mutation: You are resistant to hostile enchantments.
                  | (MR+) [potion of mutation]
128446 | Pan      | Gained mutation: You are partially covered in icy blue
                  | scales. (AC +2) [potion of mutation]
128446 | Pan      | Gained mutation: Your muscles are strong. (Str +2) [potion
                  | of mutation]
129806 | Pan      | Identified the ring "Yteun" {+Inv +Fly rElec EV+3}
130779 | Pan      | Noticed Jolump the pandemonium lord
130784 | Pan      | Killed Jolump the pandemonium lord
132248 | Pan      | Entered the realm of Lom Lobon.
132248 | Pan      | Noticed Lom Lobon
132694 | Pan      | Reached skill level 10 in Short Blades
133495 | Pan      | Found an exit through the horrors of the Abyss.
134126 | Pan      | HP: 1/167 [Lom Lobon (17)]
134388 | Pan      | Killed Lom Lobon
134915 | Pan      | Got a magical rune of Zot
135335 | Pan      | Reached skill level 25 in Spellcasting
135919 | Pan      | Noticed Ocvil the pandemonium lord
135937 | Pan      | Killed Ocvil the pandemonium lord
136550 | Depths:3 | Escaped Pandemonium
137871 | Pan      | Entered Pandemonium
138077 | Pan      | Noticed Uggumnir the pandemonium lord
138079 | Pan      | Killed Uggumnir the pandemonium lord
138350 | Pan      | Found an exit through the horrors of the Abyss.
139671 | Pan      | Reached skill level 15 in Necromancy
140150 | Pan      | Entered the realm of Cerebov.
140177 | Pan      | Learned a level 8 spell: Chain Lightning
140761 | Pan      | Identified the +4 triple sword of Scorn {slice, rF+++ Dex+2
                  | Stlth-}
141168 | Pan      | Identified the +4 trident "Plog" {flame, *Rage rElec rPois
                  | rC+}
141619 | Pan      | Identified the ring "Tiucw" {rC+ MP+9}
145791 | Pan      | Learned a level 8 spell: Necromutation
145822 | Pan      | Reached skill level 26 in Spellcasting
145828 | Pan      | Reached skill level 1 in Transmutations
147436 | Pan      | Reached skill level 5 in Transmutations
149489 | Pan      | Identified the +6 sword of Cerebov {flame}
149489 | Pan      | Noticed Cerebov
149545 | Pan      | Killed Cerebov
149805 | Pan      | Identified the Grimoire of Confrontation
149825 | Pan      | Identified the Catalogue of Evil Arts and Aid
149845 | Pan      | Identified the Reference Book on Twisted Augmentations
150505 | Pan      | Got a fiery rune of Zot
150987 | Pan      | Gained mutation: Your body sometimes deteriorates upon
                  | taking damage. [a cacodemon]
151212 | Pan      | Reached skill level 10 in Transmutations
151221 | Pan      | Noticed Sifaa the pandemonium lord
151249 | Pan      | Entered the realm of Mnoleg.
151371 | Pan      | Lost mutation: Your muscles are strong. (Str +2) [a
                  | neqoxec]
152281 | Pan      | Reached skill level 15 in Armour
152432 | Pan      | Reached skill level 27 in Spellcasting
153045 | Pan      | Noticed Mnoleg
153135 | Pan      | Killed Mnoleg
153380 | Pan      | Got a glowing rune of Zot
154310 | Pan      | Entered the realm of Gloorx Vloq.
154425 | Pan      | Noticed Gloorx Vloq
155389 | Pan      | Got a dark rune of Zot
156703 | Pan      | Killed from afar by a Hell Sentinel

Levels and vault maps discovered:
D:1:      sevenhm_arrival_forest_fort_large_4, layout_loops_ring
D:2:      layout_basic, st_stairs_4, minivault_11, chequers_avenue,
          grunt_ministairs_4, minmay_split_cup_small, uniq_jessica
D:3:      layout_basic, zin_purify, first_ration, uniq_natasha
D:4:      layout_basic, minmay_temple_entry_glassed_door, uniq_edmund
D:5:      layout_basic, overflow_temple_1_default, serial_co_window_serial,
          co_window_paths_a, co_window_paths_b, co_window_of_opportunity_a,
          co_window_corner_a, co_window_corner_a, co_window_corner_a,
          co_window_paths_a, co_window_corner_ca, co_window_broadway_c,
          co_window_corner_ca, co_window_corner_b, co_window_cross_3,
          co_window_of_opportunity_c, co_window_broadway_a, glass_columns_a,
          glass_columns_a, serial_shops, shop_fountains
D:6:      layout_loops_cross
D:7:      cheibrodos_quashed, layout_rooms, okawaru_altar_gauntlet_db,
          uniq_menkaure
D:8:      layout_loops_ring, regret_index_temple_of_mockery, hangedman_ranch
          [blue_anna_fruit_fields], kb_rosetta, uniq_maurice, uniq_psyche
D:9:      layout_long_grid, marbit_many_paths, orc_0_dummy, serial_shops,
          kennysheep_little_box, uniq_erolcha, uniq_prince_ribbit1
D:10:     layout_grid_maze, dpeg_lair_monsters, serial_shops,
          kennysheep_mini_moat
D:11:     layout_loops_cross, serial_shops, shop, nicolae_xom_altar_mimics
D:12:     layout_basic
D:13:     layout_roguey, ximxim_vaults_locker_room, uniq_snorg
D:14:     layout_loops_corners, special_room [special_room_orc],
          serial_bayou_lagoon_a
D:15:     hangedman_depths_entry_civil_slaughter, layout_irregular_city,
          serial_bayou_pond_d
Temple:   nicolae_temple_elliptical
Lair:1:   layout_regular_city, infiniplex_staircase_pool
Lair:2:   layout_cave_shapes, minmay_shoals_entry_centaurs, uniq_harold
Lair:3:   lemuel_slime, layout_regular_city, dummy_spider_entry,
          lemuel_fruit_tree, grunt_megastairs_5, infiniplex_staircase_pool_2,
          minmay_lair_oklob_chamber
Lair:4:   layout_roguey, serial_bayou_shore_b
Lair:5:   layout_roguey, minivault_19, beast_lair_carwin_11
Lair:6:   evil_forest, layout_regular_city, slime_altar_2, serial_rivers,
          chequers_serial_rivers_micro_d, chequers_serial_rivers_micro_a,
          chequers_serial_rivers_room_b, chequers_serial_rivers_room_a,
          chequers_serial_rivers_micro_b, portal_ice_cave_entry_pillars_1,
          minmay_lair_oklob_bushes, uniq_rupert, uniq_sonja
Shoals:1: layout_shoals, gammafunk_ghost_tricky_traps, st_sunken_temple
Shoals:2: layout_shoals
Shoals:3: layout_shoals
Shoals:4: shoals_end_grunt_ice, layout_shoals, uniq_nikola
Spider:1: layout_chambers
Spider:2: layout_spider_delve, ebering_ghost_xom, nicolae_spider_cling_ruins
Spider:3: layout_spider_delve, uniq_arachne
Spider:4: floodkiller_spider_rune_tomb, guppyfry_spider_mini_1, uniq_louise
Slime:1:  layout_caves, nicolae_slime_phagocytosis
Slime:2:  layout_caves
Slime:3:  layout_caves
Slime:4:  layout_caves
Slime:5
Orc:1:    layout_diamond_mine, serial_shops,
          nicolae_shop_temple_entry_statues_fountains, uniq_urug
Orc:2:    st_orc_open, layout_caves, elf_legates
Elf:1:    elf_arrival_001, layout_geoelf_grid, serial_shops, shop_coins,
          hangedman_elf_represent, grunt_megastairs_2
Elf:2:    layout_onion_city
Elf:3:    minmay_elf_hall_hex, layout_geoelf_octagon
Vaults:1: vaults_dpeg_encased_lava, hangedman_vaults_cutoff,
          nicolae_vaults_sealed_display, ontoclasm_vaults_spin,
          hangedman_vaults_capsules, st_cells, vaults_room_door_hall,
          nicolae_vaults_asterisk, grunt_vaults_hallway_short,
          layout_vaults_omnigrid, serial_shops, nicolae_shop_trees
Vaults:2: v_misc_1, nicolae_vaults_network_square, hangedman_vaults_pinch,
          nicolae_vaults_angled_halls, vaults_room_boxed,
          nicolae_vaults_network_quincunx
          [nicolae_vaults_network_quincunx_subvault,
          nicolae_vaults_network_quincunx_subvault,
          nicolae_vaults_network_quincunx_subvault,
          nicolae_vaults_network_quincunx_subvault,
          nicolae_vaults_network_quincunx_subvault], hangedman_vaults_nodes,
          ontoclasm_vaults_ring_small, nicolae_vaults_little_ls,
          nicolae_vaults_specimen_jars, ontoclasm_vaults_ligature,
          v_alt_pattern_1, vaults_room_stairs_pillars, nicolae_vaults_rhombus_7,
          layout_vaults_omnibox, basic_altar, uniq_asterion, uniq_bai_suzhen
Vaults:3: blue_anna_dwarven_crypt, hangedman_vaults_stretched_pinwheel,
          v_rooms_5, nicolae_vaults_quartermaster, ontoclasm_vaults_bender,
          v_misc_24, vaults_dpeg_diagonal, layout_vaults_ring, serial_shops,
          shop
Vaults:4: v_misc_22, nicolae_vaults_little_squares_4, v_rooms_1,
          nicolae_vaults_triangles, hangedman_vaults_hat, vaults_room_hallway,
          v_misc_32, nicolae_vaults_little_squares_2, v_rooms_3,
          layout_vaults_big_cross, serial_shops, shop, shop
Vaults:5
Crypt:1:  layout_chaotic_city, nicolae_crypt_fedhas_prevails,
          serial_sigils_hangedman_stare
Crypt:2:  layout_rooms, hangedman_crypt_dual_shrines
Crypt:3:  due_elkab, layout_chaotic_city, palyth_stone_intersect, st_stairs_3,
          minmay_guarded_unrand_vampires_tooth
Depths:1: layout_honeycomb, abyss_entry_small_statue_room,
          serial_sigils_hangedman_scratch, hangedman_coc_ice_floe,
          minmay_misc_feat_secret_circle, abandoned_shop,
          minmay_shop_grid_forest, hangedman_feature_mirror,
          serial_bayou_pond_a, fountainhead, lemuel_flame_loot_1
Depths:2: evilmike_negative_zone, layout_gridlike, hell_entry,
          nicolae_abyss_entry_one_way_or_another, hangedman_decor_riveting,
          serial_corexii_hall, corexii_hall_statues_l, corexii_hall_statues_i,
          corexii_hall_statues_i, minmay_liquid_box,
          infiniplex_staircase_trident
Depths:3: gammafunk_depths_water_palace, layout_basic, grunt_hell_horde,
          nrook_campfire, rand_demon_pan_entry_4, serial_shops, shop
Depths:4: minmay_slanted_spiral_squares, layout_basic, enter_ziggurat_e,
          abyss_entry_crystal, hell_entry, chequers_serial_rivers_micro_b,
          grunt_megastairs_1, infiniplex_staircase_river, uniq_margery
Depths:5: grunt_zot_entry_gee_three, layout_small_grid, special_room
          [special_room_jelly], hell_entry, serial_bayou_pond_b,
          minmay_shop_grove
Hell
Zot:1:    layout_misc_corridors, skrybe_zot_glass_1
Zot:2:    layout_cathedral_of_symmetry
Zot:3:    layout_cathedral_of_symmetry, grunt_ministairs_1
Zot:4:    layout_gridlike, hangedman_zot_decor_tridents,
          kennysheep_underground_church
Zot:5:    layout_misc_corridors
Pan:      evilmike_mini_pan_3x3, layout_gridlike, nicolae_pan_hourglass,
          layout_grid_shapes, pan_blood_fountain_small, pan_blood_fountain,
          rand_demon_7, layout_grid_shapes, evilmike_mini_pan_diamond,
          layout_stronghold, nicolae_pan_gloorx_vloqian_2,
          nicolae_pan_sigil_obb, reaverb_pan_chaos_star, rand_demon_1,
          layout_cross, rand_demon_9, layout_irregular_city,
          grunt_pan_in_and_out, layout_rooms, evilmike_mini_pan_doors_b,
          layout_grid_shapes, grunt_pan_pentagram, layout_pan_divisions_b
          [pan_division_quadrant_b4, pan_division_quadrant_b6,
          pan_division_quadrant_b3, pan_division_quadrant_b2],
          evilmike_mini_pan_doors, layout_gridville, pan_blood_fountain,
          nicolae_pan_gloorx_vloqian_3, nicolae_pan_sigil_itan,
          grunt_pan_spiral, layout_gridville, pan_blood_fountain_small,
          lom_lobon, layout_gridlike, pan_blood_fountain_small,
          pan_captured_pigsty, nicolae_pan_sigil_itan, nicolae_pan_hourglass,
          layout_irregular_city, evilmike_mini_pan_layers, layout_rooms,
          evilmike_mini_pan_corner, layout_grid_shapes, cerebov_grunt,
          layout_basic, nicolae_pan_lom_lobonic_1, evilmike_mini_pan_corridor,
          layout_chambers, pan_blood_fountain, mnoleg, layout_basic,
          nicolae_pan_sigil_obb, gloorx_vloq, layout_rooms,
          pan_blood_fountain_small, reaverb_pan_squares, rand_demon_5,
          layout_pan_divisions_b [pan_division_quadrant_b1,
          pan_division_quadrant_b6, pan_division_quadrant_b3,
          pan_division_quadrant_b6], pan_blood_fountain_small

Skill      XL: |  1  2  3  4  5  6  7  8  9 10 11 12 13 14 15 16 17 18 19 20 21 22 23 24 25 26 27 |
---------------+----------------------------------------------------------------------------------+-----
Conjurations   | 2 3 4 6 7 9 10 11 12 13 15 16 18 19 20 24 | 24.0
Dodging        | 3 4 5 6 7 8 9 10 11 12 13 14 15 16 17 22 | 22.2
Fire Magic     | 4 5 6 8 9 10 12 13 15 16 17 18 19 20 21 23 | 23.8
Spellcasting   | 4 5 6 8 9 10 11 12 13 14 15 16 17 18 19 20 21 22 27 | 27.0
Fighting       | 1 3 4 5 6 7 8 10 11 12 13 14 15 | 15.6
Evocations     | 2 6 8 16 | 16.0
Armour         | 1 4 6 7 8 9 10 18 | 18.2
Air Magic      | 5 7 9 11 13 14 15 16 17 18 19 22 | 22.3
Summonings     | 3 4 |  4.0
Staves         | 3 6 8 9 11 12 | 12.0
Necromancy     | 3 6 9 20 | 20.0
Shields        | 4 |  4.0
Short Blades   | 11 | 11.5
Transmutations | 10 | 10.0
Stealth        | |  2.4

Action                   |  1- 3 |  4- 6 |  7- 9 | 10-12 | 13-15 | 16-18 | 19-21 | 22-24 | 25-27 || total
-------------------------+-------+-------+-------+-------+-------+-------+-------+-------+-------++-------
Melee: Unarmed           |     1 |     6 |       |       |       |       |       |       |       ||     7
       Short sword       |       |     2 |       |       |       |       |       |       |       ||     2
       Staff             |       |       |     2 |    26 |    91 |    70 |    51 |    49 |   154 ||   443
       Trident           |       |       |     1 |       |       |       |       |       |       ||     1
       Demon trident     |       |       |       |     5 |       |       |       |       |       ||     5
       Quick blade       |       |       |       |       |       |       |       |       |   415 ||   415
       Demon blade       |       |       |       |       |       |       |       |       |   112 ||   112
 Cast: Flame Tongue      |    24 |    54 |   104 |   144 |    59 |    10 |     1 |       |    16 ||   412
       Throw Flame       |    43 |   105 |   130 |   165 |    29 |    13 |    22 |     4 |       ||   511
       Sticky Flame      |       |       |    17 |    51 |    68 |    75 |    30 |    30 |    31 ||   302
       Fireball          |       |       |    10 |    75 |   413 |   534 |   510 |   380 |   732 ||  2654
       Conjure Flame     |       |       |     6 |     7 |    11 |     2 |       |     1 |       ||    27
       Magic Dart        |       |       |       |    30 |     8 |       |       |       |       ||    38
       Summon Lightning  |       |       |       |     3 |    31 |    21 |     8 |       |     1 ||    64
       Airstrike         |       |       |       |     2 |     9 |    16 |     9 |    11 |    20 ||    67
       Orb of Destructio |       |       |       |       |    49 |    70 |   127 |   176 |  1099 ||  1521
       Lightning Bolt    |       |       |       |       |    18 |    76 |       |       |       ||    94
       Regeneration      |       |       |       |       |       |     7 |     1 |     4 |    15 ||    27
       Shroud of Golubri |       |       |       |       |       |     3 |       |     1 |     4 ||     8
       Ignition          |       |       |       |       |       |       |    29 |    61 |    49 ||   139
       Summon Butterflie |       |       |       |       |       |       |     1 |       |       ||     1
       Fire Storm        |       |       |       |       |       |       |       |    27 |   359 ||   386
       Tornado           |       |       |       |       |       |       |       |       |    21 ||    21
       Chain Lightning   |       |       |       |       |       |       |       |       |   316 ||   316
       Necromutation     |       |       |       |       |       |       |       |       |    39 ||    39
       Blink             |       |       |       |       |       |       |       |       |     5 ||     5
 Abil: Evoke Blink       |       |       |       |     3 |    16 |     9 |       |     3 |    14 ||    45
       Evoke Invisibilit |       |       |       |       |       |       |       |       |     6 ||     6
       End Transformatio |       |       |       |       |       |       |       |       |     1 ||     1
Evoke: Box of beasts     |       |       |       |       |     1 |       |       |       |     2 ||     3
       Wand              |       |       |       |       |       |       |       |       |    26 ||    26
       Staff of energy   |       |       |       |       |       |       |       |       |     3 ||     3
       Phantom mirror    |       |       |       |       |       |       |       |       |     2 ||     2
       Sack of spiders   |       |       |       |       |       |       |       |       |     1 ||     1
  Use: Scroll            |       |     2 |     5 |    14 |    11 |    14 |    11 |    11 |    37 ||   105
       Potion            |       |     1 |       |       |     5 |     7 |       |     6 |    26 ||    45
 Stab: Invisible         |       |       |       |       |       |       |       |       |     7 ||     7
       Distracted        |       |       |       |       |       |       |       |       |     1 ||     1
  Eat: Chunk             |     5 |    13 |    19 |    24 |    65 |    58 |    46 |    26 |    34 ||   290
       Ration            |       |       |     1 |     5 |    21 |    15 |    12 |    14 |    46 ||   114
Armor: Robe              |     3 |     1 |    10 |     7 |       |       |       |       |       ||    21
       Swamp dragon scal |       |       |       |    19 |    74 |   140 |    23 |       |       ||   256
       Fire dragon scale |       |       |       |       |       |       |    25 |    46 |       ||    71
       Acid dragon scale |       |       |       |       |       |       |       |    24 |   549 ||   573
Dodge: Dodged            |    17 |    22 |    54 |   131 |   175 |   271 |    83 |   131 |  1109 ||  1993
Block: Other             |       |       |       |    18 |    44 |    54 |       |       |       ||   116
       Reflection        |       |       |       |       |     3 |    12 |    27 |    22 |    13 ||    77
       Buckler           |       |       |       |       |       |    25 |   104 |    85 |   468 ||   682
       Rpst.: Demon blade |       |       |       |       |       |       |       |       |    34 ||    34
